 Dungeon Crawl Stone Soup version 0.21-a0-201-g8501b10 (webtiles) character file.

546 tehllama the Insei (level 7, -1/43 HPs)
             Began as an Octopode Transmuter on Aug 18, 2017.
             Slain by a slave (2 damage)
             ... led by Pikel
             ... on level 5 of the Dungeon.
             The game lasted 00:08:08 (4437 turns).

tehllama the Insei (Octopode Transmuter)            Turns: 4437, Time: 00:08:09

Health: -1/43      AC:  2    Str: 11    XL:     7   Next: 28%
Magic:  8/10       EV: 23    Int: 16    God:
Gold:   123        SH:  0    Dex: 17    Spells: 4/10 levels left

rFire    . . .     SeeInvis .     - Unarmed
rCold    . . .     Gourm    .   (shield currently unavailable)
rNeg     . . .     Faith    .   (helmet currently unavailable)
rPois    x         Spirit   .   (no amulet)
rElec    .         Reflect  .   k - ring of stealth
rCorr    .         Harm     .   m - +3 ring of evasion
MR       .....                  (no ring)
Stlth    ++++......             (no ring)
HPRegen  0.14/turn              (no ring)
MPRegen  0.12/turn              (no ring)
                                (no ring)
                                (no ring)

@: spider-form (expiring)
A: almost no armour, stealthy swim, (amphibious), 8 rings, (constrict 8)
a: End Transformation


You were on level 5 of the Dungeon.
You were not hungry.
You were a venomous arachnid creature.
You visited 1 branch of the dungeon, and saw 6 of its levels.

You collected 258 gold pieces.
You spent 135 gold pieces at shops.

Inventory:

Missiles
 a - 59 arrows
 f - a throwing net (quivered)
Armour
 o - a +0 buckler
Jewellery
 k - a ring of stealth (left front leg)
 m - a +3 ring of evasion (right front leg)
Wands
 s - a wand of flame (31/48)
 y - a wand of polymorph (16/24)
Scrolls
 d - a scroll of remove curse {unknown}
 h - a scroll of teleportation {unknown}
 i - 2 scrolls of fog {unknown}
 j - a scroll of fear {unknown}
 n - 3 scrolls of amnesia {unknown}
 w - a scroll of enchant armour {unknown}
Potions
 g - 2 potions of haste
 p - 2 potions of flight
 r - a potion of magic
 t - a potion of ambrosia
 x - a potion of agility
 z - a potion of might {unknown}
 A - a potion of curing {unknown}
Books
 b - a book of Changes

   Spells                             Type                      Level
   a - Beastly Appendage              Transmutation                1
   b - Sticks to Snakes               Transmutation                2
   c - Spider Form                    Transmutation/Poison         3
   d - Ice Form                       Ice/Transmutation            4
   e - Blade Hands                    Transmutation                5
Comestibles
 c - 6 bread rations
 l - 2 meat rations
 u - 3 royal jellies


   Skills:
 - Level 1.0 Fighting
 + Level 2.4 Dodging
 + Level 5.3 Stealth
 + Level 1.3 Shields
 * Level 5.6 Unarmed Combat
 + Level 2.2 Spellcasting
 * Level 2.9 Transmutations
 + Level 1.9 Poison Magic
 + Level 1.3 Evocations


You had 4 spell levels left.
You knew the following spells:

 Your Spells              Type           Power        Failure   Level  Hunger
a - Beastly Appendage     Tmut           ##....       17%         1    #......
b - Sticks to Snakes      Tmut           ##......     22%         2    ###....
c - Spider Form           Tmut/Pois      #.........   43%         3    ###....


Dungeon Overview and Level Annotations

Branches:
Dungeon (6/15)
 Temple: D:4-7

Altars:

Shops:
D:4 *[

Annotations:
D:5 Pikel


Innate Abilities, Weirdness & Mutations

You cannot wear most types of armour.
You are very stealthy in the water. (Stealth+)
((You are amphibious.))
You can wear up to eight rings at the same time.
((You can use your tentacles to constrict eight enemies at once.))
((Your skin changes colour to match your surroundings (Stealth+).))
((Your rubbery body absorbs attacks. (AC +1, EV +1)))


Message History

The slave misses you. The slave hits you!
The slave shouts!
You hit Pikel.
Pikel looks as sick as possible!
Pikel is heavily wounded.
Pikel barely misses you. The slave hits you!
* * * LOW HITPOINT WARNING * * *
The slave hits you.
* * * LOW HITPOINT WARNING * * *
Your transformation is almost over.
The slave misses you. Pikel hits you with a whip of flaming.
* * * LOW HITPOINT WARNING * * *
Pikel burns you.
* * * LOW HITPOINT WARNING * * *
Unknown command.
Okay, then.
You hit Pikel but do no damage.
Pikel looks as sick as possible!
Pikel is almost dead.
The slave hits you.
You die...

##. #...K+.......# #.......#
####p#.......# #########
#.#.......# ###.#####'###
#...#####'### #...........#
#....p>.....# #....)pp....#
+.....Ks....#
###...........#####
#.............'...#
#[###.........###.#
#)#.............#.#
#.#.###+##+#....#.#
######'#.....>..#....#.#
#............###.......#
#............#....#..##########


You could see Pikel and 3 slaves.

Vanquished Creatures
  2 ogres
  The ghost of Grorgnorb the Charmwright, a weakling GnSk (D:3)
  2 hounds
  2 orc priests (D:5)
  A centaur skeleton (D:4)
  Jessica (D:2)
  Natasha (D:3)
  8 adders
  A worm (D:3)
  4 leopard geckos
  5 orcs
  2 ball pythons
  5 bats
  3 giant cockroaches
  7 goblins
  5 hobgoblins
  6 kobolds (D:1)
  3 frilled lizards
  12 rats
71 creatures vanquished.

Notes
Turn   | Place    | Note
-------+----------+-------------------------------------------
     0 | D:1      | tehllama the Octopode Transmuter began the quest for the Orb.
     0 | D:1      | Reached XP level 1. HP: 13/13 MP: 3/3
   141 | D:1      | Reached XP level 2. HP: 17/18 MP: 5/5
   704 | D:1      | Reached XP level 3. HP: 21/23 MP: 6/6
   930 | D:2      | Noticed Jessica
   940 | D:2      | Killed Jessica
  1050 | D:2      | Reached XP level 4. HP: 24/28 MP: 7/7
  1551 | D:3      | Reached XP level 5. HP: 25/33 MP: 8/8
  1770 | D:3      | Noticed Natasha
  1779 | D:3      | Killed Natasha
  1898 | D:3      | Reached skill level 5 in Unarmed Combat
  2232 | D:3      | Noticed Grorgnorb's ghost (weakling GnSk)
  2245 | D:3      | Learned a level 2 spell: Sticks to Snakes
  2249 | D:3      | Learned a level 3 spell: Spider Form
  2551 | D:3      | Killed Grorgnorb's ghost
  2835 | D:4      | Found Ugraedagh's Armour Boutique.
  2840 | D:4      | Bought a +0 buckler for 63 gold pieces
  2995 | D:4      | Reached XP level 6. HP: 34/38 MP: 9/9
  3080 | D:4      | Found Bailaoja's General Store.
  3089 | D:4      | Bought a scroll of identify for 24 gold pieces
  3089 | D:4      | Bought a potion of agility for 48 gold pieces
  3548 | D:4      | Reached skill level 5 in Stealth
  3548 | D:4      | Reached skill level 1 in Poison Magic
  3630 | D:5      | Entered Level 5 of the Dungeon
  3769 | D:5      | Reached skill level 1 in Evocations
  4255 | D:5      | Reached skill level 1 in Shields
  4255 | D:5      | Reached XP level 7. HP: 19/43 MP: 3/10
  4306 | D:5      | Noticed Pikel
  4436 | D:5      | HP: 1/43 [Pikel/whip of flaming (2)]
  4437 | D:5      | Slain by a slave

Vault maps used:
D:1:      dpeg_arrival_round_c, minmay_octomino_e4
D:2:      uniq_jessica
D:3:      uniq_natasha
D:4:      serial_shops, shop, kennysheep_little_box, first_bread
D:5:      lemuel_insect_pit, uniq_ijyb, uniq_pikel
D:6:      minmay_opposing_rooms, nicolae_ashenzari_panopticon,
          minmay_temple_entry_glassed_door, serial_shops,
          nicolae_shop_waterfront, uniq_eustachio

Skill      XL: |  1  2  3  4  5  6 |
---------------+-------------------+-----
Unarmed Combat | 4 5 |  5.6
Stealth        | 2 3 4 5 |  5.3
Poison Magic   | 1 |  1.9
Evocations     | 1 |  1.3
Shields        | 1 |  1.3
Fighting       | |  1.0
Dodging        | |  2.4
Spellcasting   | |  2.2
Transmutations | |  2.9

Action                   |  1- 3 |  4- 6 |  7- 9 || total
-------------------------+-------+-------+-------++-------
Melee: Unarmed           |    61 |   123 |    14 ||   198
       Tentacles         |    13 |    16 |     1 ||    30
       Constrict         |    18 |    17 |     1 ||    36
       Kick              |     4 |    12 |     2 ||    18
       Punch             |     2 |     4 |       ||     6
 Cast: Beastly Appendage |     3 |    15 |     1 ||    19
       Spider Form       |       |     6 |     1 ||     7
       Sticks to Snakes  |       |     1 |       ||     1
  Use: Scroll            |       |       |     6 ||     6
 Stab: Sleeping          |     3 |    13 |       ||    16
  Eat: Chunk             |     1 |     8 |       ||     9
       Royal jelly       |       |     1 |     1 ||     2
Armor: Skin              |     3 |     2 |     1 ||     6
Dodge: Dodged            |    40 |    81 |    20 ||   141
